[Event "WWRR IM-Group 2024"]
[Site "Wachtebeke"]
[Date "2024.02.14"]
[Round "8.3"]
[White "Gloeckler, Christian"]
[Black "Dobrikov, Marco"]
[Result "0-1"]
[ECO "B23"]
[WhiteElo "2354"]
[BlackElo "2260"]
[Annotator "TA"]
[PlyCount "56"]
[EventDate "2024.02.12"]
[EventType "tourn"]
[EventCountry "BEL"]
[SourceTitle "playchess.com"]
[Source "ChessBase"]
[SourceQuality "1"]
[TimeControl "40/5400+30:900+30"]

1. e4 c5 2. Nc3 d6 3. d4 cxd4 4. Qxd4 Nc6 5. Qd2 g6 6. b3 Bg7 7. Bb2 Nf6 8. O-O-O {[%emt 0:00:06] White is slightly better.} O-O 9. f3 a5 10. h4 Qb6 11. a4 Be6 12. Bb5 Rac8 13. Nge2 Nb4 14. Kb1 Rc5 {[%emt 0:04:48] [#]} 15. h5 Nxh5 $11 {[%emt 0:03:08] Threatening ...Rfc8.} (15... Rxh5 $6 16. Rxh5 Nxh5 17. g4 $14) 16. g4 Nf6 17. Rh4 Rfc8 18. Rdh1 (18. Nd4 $11 {deserves consideration.}) 18... h5 (18... Qd8 $15 {is more appropriate.}) 19. Nd4 $2 {[%emt 0:15:15][%mdl 8192] [#]} (19. gxh5 $11 {and White has nothing to worry.} Rxh5 20. Rxh5 Nxh5 21. Nd5 Bxd5 22. Bxg7 Nxg7 (22... Rxc2 23. Qh6 f6 24. Be8) (22... Kxg7 23. Rxh5 gxh5 24. Qg5+ Kf8 25. Qh6+ Kg8 26. exd5 $11) 23. Qh6) 19... Bxg4 $1 $19 20. Bc4 $2 (20. fxg4 Rxc3 21. gxh5 (21. Bxc3 $2 Nxe4 22. gxh5 Nxd2+ $19) 21... Rxc2 22. Nxc2 Rxc2 23. Qxc2 Nxc2 24. hxg6) 20... Rxc4 21. bxc4 Rxc4 22. fxg4 $2 (22. Ncb5 Nxc2 (22... Bd7 $2 23. Na3 $19) 23. Rxg4 (23. Nxc2 $2 Bxf3 24. e5 Ne4 $19) 23... hxg4 (23... Nxg4 $2 24. Nxc2 Rxa4 25. Nc3 $19) 24. Qd3) 22... Rxd4 (22... Qxd4 $2 23. Qxd4 Rxd4 24. gxh5 $17) 23. Qf2 {[%emt 0:04:05] [#]} Na2 $1 24. Qe3 (24. Qxd4 Qxd4) 24... Nxc3+ (24... Nxe4 $142 25. Nb5 Rxa4 (25... Rd1+ $2 26. Kxa2 Qxe3 27. Rxd1 $19) (25... Rb4 $2 26. Qxb6 Rxb2+ 27. Ka1 $19) 26. Bxg7 Qxe3 27. R4h3 Qc5 28. Rb3 Nd2+ (28... Kxg7 29. Kb2 Nd2 30. c3 Qc4 31. Kc2 Nxb3 32. Rh2 Nb4+ 33. Kb1 Qe4+ 34. Kb2 Ra2+ 35. Kxb3 a4#) 29. Kb2 Kxg7 (29... Nc4+ 30. Kb1 Kxg7 31. Nxd6 Nd2+ 32. Kb2 Nxb3 33. Ne8+ Kf8 34. cxb3 Qc3+ 35. Kb1 Qxb3+ 36. Ka1 Nc3#) 30. c3 Qf2 (30... Nxb3 31. Rxh5 gxh5 32. gxh5 Qxb5 33. Kc2 Qc4 34. h6+ Kxh6 35. Kb2 Qxc3+ 36. Kb1 Nd2#) 31. Rd1 Nc4+ (31... Nxb3+ 32. Kxb3 Nxc3 33. gxh5 Nxb5 34. h6+ Kh8 35. Kxa4 Qb2 36. Kxa5 Nc3 37. Rb1 Qxb1 38. h7 Qb5#) (31... Nb4 32. cxb4 Ne4+ 33. Rd2 Qxd2+ 34. Kb1 Qd1+ 35. Kb2 Ra1 36. gxh5 Qc1#) 32. Kb1 Nc1 (32... hxg4 33. Rh1 Qf5+ 34. Ka1 Nc1+ 35. Ra3 Nb3+ 36. Ka2 Qc2#) 33. Na3 Nxb3 34. Nc2 Ra1+ 35. Nxa1 Qb2#) 25. Qxc3 Ne8 ({Worse is} 25... Nxg4 26. Qc8+ Kh7 (26... Bf8 27. Rxg4 hxg4 28. Qxg4 $11) 27. Rxh5+ (27. Qxg4 $2 Rd1+ 28. Rxd1 Qxb2#) 27... gxh5 28. Rxh5+ Nh6 29. Qf5+ Kh8 30. Qc8+ Kh7 31. Qf5+ Kh8 32. Qc8+ Kh7 $11) (25... Rxa4 $2 26. Qc8+ Bf8 (26... Kh7 27. gxh5 g5 28. h6 $17) 27. gxh5 $19) 26. Qa3 {[%emt 0:06:07] [#]} Rxa4 $3 27. Qb3 Rb4 {[%emt 0:00:10] White must now prevent ...a4.} 28. Rxh5 gxh5 {[%emt 0:00:47] Weighted Error Value: White=1.31/Black=0.27 (precise) .  Loses game:     	White=1     	---        Mistake:       	White=4     	Black=1      Inaccurate:     	White=2     	Black=3      OK:         	White=5     	Black=7      Best:        	---       	Black=1      Strong:       	---       	Black=1} ({Stronger than} 28... Rxb3 29. Rh8+ Bxh8 30. Rxh8#) 0-1

[Event "WWRR IM-Group 2024"]
[Site "Wachtebeke"]
[Date "2024.02.14"]
[Round "8.4"]
[White "Milliet, Sophie"]
[Black "Matnadze Bujiashvili, Ann"]
[Result "1/2-1/2"]
[ECO "B12"]
[WhiteElo "2384"]
[BlackElo "2364"]
[Annotator "RC"]
[PlyCount "87"]
[EventDate "2024.02.12"]
[EventType "tourn"]
[EventCountry "BEL"]
[SourceTitle "playchess.com"]
[Source "ChessBase"]
[SourceQuality "1"]
[TimeControl "40/5400+30:900+30"]

1. e4 c6 2. d4 d5 3. e5 Bf5 4. Nf3 Bg4 5. Nbd2 e6 6. h3 Bxf3 7. Nxf3 h5 8. Bd3 g6 9. a4 c5 10. dxc5 Bxc5 11. c3 Qc7 12. O-O Nd7 13. Re1 a6 14. Bg5 Be7 15. Qd2 Nc5 16. Bc2 Rc8 17. Qf4 Bxg5 18. Nxg5 Qe7 19. a5 h4 20. b4 Rh5 21. Nf3 Nd7 22. Ba4 Kf8 23. Rac1 Rc4 24. Nd4 Kg7 25. Bb3 Rc8 26. c4 dxc4 27. Bxc4 Nh6 28. b5 axb5 29. Nxb5 Rc5 30. Nd6 Nxe5 31. Qd4 Kh7 32. Ne4 Rxa5 33. f4 Nf5 34. Qc3 Nd6 35. fxe5 Rhxe5 36. Qb4 Nf5 37. Qxe7 Nxe7 38. Rb1 Kg7 39. Rxb7 Nf5 40. Kf2 Rxe4 41. Rxe4 Nd6 42. Rxf7+ Kxf7 43. Bxe6+ Kf6 44. Re2 1/2-1/2

[Event "WWRR IM-Group 2024"]
[Site "Wachtebeke"]
[Date "2024.02.14"]
[Round "8.5"]
[White "Van Cappellen, Jonas"]
[Black "De Waele, Warre"]
[Result "1/2-1/2"]
[ECO "C81"]
[WhiteElo "2212"]
[BlackElo "2345"]
[Annotator "RC"]
[PlyCount "42"]
[EventDate "2024.02.12"]
[EventType "tourn"]
[EventCountry "BEL"]
[SourceTitle "playchess.com"]
[Source "ChessBase"]
[SourceQuality "1"]
[TimeControl "40/5400+30:900+30"]

1. e4 e5 2. Nf3 Nc6 3. Bb5 a6 4. Ba4 Nf6 5. O-O Nxe4 6. d4 b5 7. Bb3 d5 8. dxe5 Be6 9. Qe2 Be7 10. Rd1 O-O 11. c4 bxc4 12. Bxc4 Bc5 13. Be3 Bxe3 14. Qxe3 Qb8 15. Bb3 Na5 16. Nbd2 Qa7 17. Qxa7 Rxa7 18. Nxe4 Nxb3 19. axb3 dxe4 20. Nd4 c5 21. Nxe6 fxe6 1/2-1/2

[Event "WWRR IM-Group 2024"]
[Site "Wachtebeke"]
[Date "2024.02.15"]
[Round "9.1"]
[White "De Waele, Warre"]
[Black "Leenhouts, Koen"]
[Result "1/2-1/2"]
[ECO "B41"]
[WhiteElo "2345"]
[BlackElo "2433"]
[Annotator "TA"]
[PlyCount "37"]
[EventDate "2024.02.12"]
[EventType "tourn"]
[EventCountry "BEL"]
[SourceTitle "playchess.com"]
[Source "ChessBase"]
[SourceQuality "1"]
[TimeControl "40/5400+30:900+30"]

1. e4 c5 2. Nf3 e6 3. d4 cxd4 4. Nxd4 a6 5. c4 Nf6 6. Nc3 Bb4 7. Qd3 d5 8. exd5 exd5 9. Be2 O-O 10. O-O Nc6 {[%emt 0:00:05] [#] Threatens to win with ...dxc4.} 11. Nxc6 (11. cxd5 {looks sharper.} Nxd5 12. Nxd5 Qxd5 13. Nxc6 bxc6 14. Qg3) 11... bxc6 12. cxd5 Nxd5 13. Nxd5 Qxd5 14. Qxd5 (14. Qg3 {is interesting.} Bd6 15. Bf4 Bxf4 16. Qxf4 Be6 17. Rfc1) 14... cxd5 15. Be3 Be6 16. Rfd1 a5 17. Bf3 Rfd8 18. Bd4 Rac8 19. Rac1 {[%emt 0:03:32] Weighted Error Value: White=0.05 (flawless) /Black=0.04 (flawless) .  OK:         	White=3     	Black=4} 1/2-1/2

[Event "WWRR IM-Group 2024"]
[Site "Wachtebeke"]
[Date "2024.02.15"]
[Round "9.2"]
[White "Matnadze Bujiashvili, Ann"]
[Black "Van Cappellen, Jonas"]
[Result "1-0"]
[ECO "A62"]
[WhiteElo "2364"]
[BlackElo "2212"]
[Annotator "TA"]
[PlyCount "85"]
[EventDate "2024.02.12"]
[EventType "tourn"]
[EventCountry "BEL"]
[SourceTitle "playchess.com"]
[Source "ChessBase"]
[SourceQuality "1"]
[TimeControl "40/5400+30:900+30"]

1. d4 Nf6 2. g3 e6 3. c4 c5 4. d5 exd5 5. cxd5 d6 6. Nc3 g6 7. Bg2 Bg7 8. Nf3 O-O 9. O-O Re8 10. Bf4 h6 11. Re1 g5 12. Bc1 a6 {[%emt 0:05:34] Weiß steht etwas besser.} 13. a4 Bf5 14. h4 g4 (14... Nh7 $14) 15. Nd2 $16 {[%emt 0:00:12][%cal Bf3d2,Bd2c4,Bc4e3][%mdl 32] Und e4 würde nun gewinnen.} Nbd7 16. Nc4 Nb6 17. Ne3 Bg6 18. a5 Nbd7 {[%emt 0:03:12] [#]} 19. h5 $1 Nxh5 (19... Bh7 20. Nc4) 20. Nxg4 f5 21. Nh2 Ne5 22. Ra4 Nf6 23. Bd2 b5 24. axb6 Qxb6 25. Qc1 Nfg4 26. Nxg4 Nxg4 27. Nd1 Bd4 28. Bc3 Qb5 {[%emt 0:06:09][%csl LRa4,LRe2] [#]} 29. Ra5 Qc4 30. Qc2 {[%emt 0:13:06] Ra4 ist eine echte Drohung.} Rab8 31. Ra3 Ne5 (31... Rb6 $11 {hält das Gleichgewicht.}) 32. b3 $36 {[%emt 0:02:20][%cal Bb2b3,Bb3b4][%mdl 2080] Weiss drückt.} Qb5 33. Qd2 {[%emt 0:01:08][%csl LRd4,LRh6] Lässt f4 nicht zu} Kh7 (33... Bxc3 $142 34. Qxc3 (34. Nxc3 Qb4 $14) 34... Bh5) 34. Bxd4 (34. Ba5 $142) 34... cxd4 35. Qxd4 Rbc8 {[%emt 0:03:50] Das kostet Schwarz die Partie.} (35... f4 $16 {ist wohl besser.}) 36. Ne3 $18 Rc5 (36... a5 {ist eine bessere Verteidigung.} 37. Qa7+ Kg8 38. Qxa5 (38. Rxa5 Qxb3 39. Bh3 Qb4 $18) 38... Qxa5 39. Rxa5 Rc3) 37. b4 Rc7 38. Ra5 Qb7 39. Rea1 Rec8 40. Rxa6 {[%emt 0:04:38] Weiß steht klar auf Gewinn.} Rc1+ 41. Kh2 {[%emt 0:15:31] Schwarz muss nun Ra7 beachten.} Qb5 42. Ra7+ R1c7 43. Rc1 {[%emt 0:00:00] Gewichteter Fehlerwert: Weiß=0.10 (sehr präzise) /Schwarz=0.27 (präzise) .  Fehler:       	Weiß=2     	Schwarz=5     Ungenau:       	Weiß=3     	Schwarz=4     OK:         	Weiß=16    	Schwarz=8     Bester:       	Weiß=3     	Schwarz=2} 1-0

[Event "WWRR IM-Group 2024"]
[Site "Wachtebeke"]
[Date "2024.02.15"]
[Round "9.3"]
[White "Dobrikov, Marco"]
[Black "Milliet, Sophie"]
[Result "1-0"]
[ECO "D45"]
[WhiteElo "2260"]
[BlackElo "2384"]
[Annotator "RC"]
[PlyCount "89"]
[EventDate "2024.02.12"]
[EventType "tourn"]
[EventCountry "BEL"]
[SourceTitle "playchess.com"]
[Source "ChessBase"]
[SourceQuality "1"]
[TimeControl "40/5400+30:900+30"]

1. d4 Nf6 2. c4 e6 3. Nf3 d5 4. Nc3 c6 5. e3 Nbd7 6. Be2 Bd6 7. O-O O-O 8. b3 Ne4 9. Nxe4 dxe4 10. Nd2 f5 11. f4 exf3 12. Nxf3 b6 13. Qc2 c5 14. e4 cxd4 15. exf5 Nc5 16. Bg5 Qc7 17. b4 Nb7 18. fxe6 Bxe6 19. Bd3 h6 20. Bh7+ Kh8 21. Nh4 Rxf1+ 22. Rxf1 Bg8 23. Bxg8 Kxg8 24. Bxh6 Bxh2+ 25. Kh1 Be5 26. Bg5 Bd6 27. Qb3 Rf8 28. c5+ Kh7 29. Qd3+ Kg8 30. cxd6 Rxf1+ 31. Qxf1 Nxd6 32. Ng6 Ne4 33. Ne7+ Qxe7 34. Bxe7 Ng3+ 35. Kg1 Nxf1 36. Kxf1 Kf7 37. Bh4 Ke6 38. Ke2 a5 39. a3 axb4 40. axb4 Ke5 41. Kd3 b5 42. Bf2 g5 43. Bxd4+ Kf4 44. Be3+ Kg4 45. Ke4 1-0

[Event "WWRR IM-Group 2024"]
[Site "Wachtebeke"]
[Date "2024.02.15"]
[Round "9.4"]
[White "Victor, Julian"]
[Black "Gloeckler, Christian"]
[Result "0-1"]
[ECO "E04"]
[WhiteElo "2216"]
[BlackElo "2354"]
[Annotator "TA"]
[PlyCount "74"]
[EventDate "2024.02.12"]
[EventType "tourn"]
[EventCountry "BEL"]
[SourceTitle "playchess.com"]
[Source "ChessBase"]
[SourceQuality "1"]
[TimeControl "40/5400+30:900+30"]

1. d4 Nf6 2. c4 e6 3. g3 d5 4. Bg2 dxc4 5. Nf3 c5 6. O-O Nc6 7. dxc5 Qxd1 8. Rxd1 Bxc5 9. Nbd2 c3 10. bxc3 O-O 11. Nb3 Be7 12. c4 Bd7 13. Bb2 Rfc8 14. Bxf6 Bxf6 15. Rxd7 {[%emt 0:00:05] White has an edge.} Bxa1 16. Nxa1 {[%emt 0:00:04][%cal Oa1b3] Hoping for Nb3!} Rd8 17. Rxd8+ (17. Rxb7 $2 Rd1+ 18. Bf1 Rxa1 $19) 17... Rxd8 18. Nb3 Rd1+ 19. Bf1 Rb1 20. c5 $2 (20. Nfd2 $11 {and White has nothing to worry.} Rb2 21. a4) 20... Rb2 $19 21. Nfd2 Rxa2 22. Nc4 Rc2 $2 (22... a5 $19 {aiming for ...a4.} 23. Bg2 a4 (23... Rxe2 24. Bxc6 bxc6 25. Ncxa5 $14) 24. Bxc6 axb3 (24... bxc6 $2 25. Nd4 $19) 25. Bxb7 Rc2 (25... Rxe2 26. c6 $11)) 23. e3 $1 $11 Rc3 24. Nbd2 f5 25. f4 (25. Bg2 $11) 25... a5 $1 $15 {[%emt 0:06:19][%mdl 1024] Black has compensation.} 26. Kf2 a4 {[%emt 0:02:31] [#] And now ...a3 would win.} 27. Nb1 Rb3 (27... Rc2+ $15 28. Be2 Nb4) 28. Nca3 (28. Ncd2 $11 {keeps the balance.} Rb2 29. Bc4) 28... Rb2+ $17 29. Be2 Nb4 {[%emt 0:04:10] Black is more active.} 30. Ke1 Nc2+ 31. Nxc2 Rxc2 ({Stronger than} 31... Rxb1+ 32. Kd2 $16) 32. Kd1 {[%emt 0:01:32] Prevents Rc1+} Rxc5 33. Kd2 (33. Na3 $17 {was necessary.}) 33... b5 $19 34. Nc3 a3 35. Bd1 $2 (35. Na2) 35... b4 {[%emt 0:00:59] Black is clearly winning.} 36. Na2 Rd5+ 37. Ke2 {[%emt 0:00:07] [#]} Rxd1 $1 {[%emt 0:00:19][%mdl 512] Weighted Error Value: White=0.67/Black=0.14 (very precise) .  Loses game:     	White=1     	---        Missed win:     	---       	Black=1      Mistake:       	White=4     	Black=1      OK:         	White=10    	Black=10     Best:        	White=2     	Black=6      Strong:       	White=1     	Black=1} 0-1

[Event "WWRR IM-Group 2024"]
[Site "Wachtebeke"]
[Date "2024.02.15"]
[Round "9.5"]
[White "Ochs, Daniel Elias"]
[Black "Hauchamps, Maxime"]
[Result "1/2-1/2"]
[ECO "D30"]
[WhiteElo "2280"]
[BlackElo "2267"]
[Annotator "TA"]
[PlyCount "21"]
[EventDate "2024.02.12"]
[EventType "tourn"]
[EventCountry "BEL"]
[SourceTitle "playchess.com"]
[Source "ChessBase"]
[SourceQuality "1"]
[TimeControl "40/5400+30:900+30"]

1. d4 d5 2. c4 e6 3. Nf3 Nf6 4. e3 a6 5. a3 Be7 6. b3 O-O 7. Bb2 dxc4 8. Bxc4 b5 9. Be2 Bb7 10. O-O Nbd7 11. Nbd2 {[%emt 0:00:41] Not much happened in this game.   Weighted Error Value: White=0.09 (flawless) /Black=0.07 (flawless) .  OK:         	White=1     	---} 1/2-1/2